 Dungeon Crawl Stone Soup version 0.22-a0-247-gbddf880 (webtiles) character file.

6813 Amnesiac the Cleaver (level 10, 0/76 HPs)
             Began as a Deep Dwarf Artificer on Feb 23, 2018.
             Was an Elder of Makhleb.
             Slain by a yak (3 damage)
             ... on level 9 of the Dungeon.
             The game lasted 00:19:09 (7694 turns).

Amnesiac the Cleaver (Deep Dwarf Artificer)         Turns: 7694, Time: 00:19:10

Health: 0/76       AC: 13    Str: 18    XL:     10   Next: 77%
Magic:  16/16      EV:  3    Int: 13    God:    Makhleb [****..]
Gold:   407        SH: 10    Dex: 13    Spells: 9/9 levels left

rFire    + . .     SeeInvis .   q - +2 hand axe (venom)
rCold    + . .     Gourm    .   u - +0 shield
rNeg     . . .     Faith    .   N - +0 plate armour
rPois    .         Spirit   .   A - +1 helmet
rElec    .         Reflect  .   r - +0 cloak
rCorr    .         Harm     .   (no gloves)
MR       +....                  (no boots)
Stlth    ..........             (no amulet)
HPRegen  0.00/turn              j - ring of protection from fire
MPRegen  0.15/turn              x - ring of protection from cold

@: non-regenerating
A: damage resistance, heal wounds, sense surroundings 2, no regeneration
a: Heal Wounds, Minor Destruction, Lesser Servant of Makhleb, Major Destruction,
Renounce Religion


You were on level 9 of the Dungeon.
You worshipped Makhleb.
Makhleb was greatly pleased with you.
You were hungry.

You visited 2 branches of the dungeon, and saw 10 of its levels.

You collected 572 gold pieces.
You spent 165 gold pieces at shops.

Inventory:

Hand Weapons
 q - a +2 hand axe of venom (weapon)
 F - a +0 war axe
 H - a +4 antimagic hand axe
 L - a cursed +0 war axe
Missiles
 g - 222 stones (quivered)
 i - 27 poisoned needles
 n - 4 needles of paralysis
 o - 4 needles of confusion
Armour
 r - a +0 cloak (worn)
 u - a +0 shield (worn)
 A - a +1 helmet (worn)
 N - a +0 plate armour (worn)
 P - the +0 robe "Tifrur" {Dex+5, unknown}
   (You found it on level 9 of the Dungeon)

   It affects your dexterity (+5).
Jewellery
 b - the ring of Makhleb's Pride {MP+9 Dex+4}
   (You found it on level 9 of the Dungeon)

   [ring of magical power]

   It affects your dexterity (+4).
   It affects your magic capacity (+9).
 j - a ring of protection from fire (left hand)
 m - an uncursed ring of ice
 x - a ring of protection from cold (right hand)
 z - an uncursed ring of protection from fire
 G - an uncursed ring of see invisible
 I - an uncursed ring of flight
Wands
 c - a wand of flame (32)
 d - a wand of enslavement (31)
 e - a wand of random effects (8)
 E - a wand of polymorph (13)
 M - a wand of paralysis (4)
Scrolls
 a - 7 scrolls of teleportation {!r}
 p - 6 scrolls of remove curse {!r}
 t - a scroll of fear {!r}
 v - 2 scrolls of enchant armour {!r}
 y - 8 scrolls of identify {!r}
 D - 5 scrolls of amnesia {!r}
 J - a scroll of blinking {!r}
 K - a scroll of fog {!r}
Potions
 k - a potion of resistance {!q}
 l - a potion of might {!q}
 s - 2 potions of heal wounds {!q}
 w - 4 potions of curing {!q}
 B - a potion of invisibility {!q}
 C - a potion of flight {!q}
 O - a potion of haste {!q}
Comestibles
 f - 14 rations


   Skills:
 - Level 0.8 Fighting
   Level 0.8 Short Blades
 * Level 13.2 Axes
 - Level 2.1 Dodging
 - Level 1.2 Stealth
 - Level 5.3 Shields
 + Level 12.6 Evocations


You had 9 spell levels left.
You didn't know any spells.

Dungeon Overview and Level Annotations

Branches:
Dungeon (9/15)             Temple (1/1) D:4            Lair (0/6) D:9
    Orc: D:9-12

Altars:
Ashenzari
Cheibriados
Dithmenos
Elyvilon
Fedhas
Gozag
Hepliaklqana
Kikubaaqudgha
Makhleb
Nemelex Xobeh
Okawaru
Qazlal
Ru
Sif Muna
Trog
Uskayaw
Vehumet
Wu Jian
Xom
Yredelemnul
Zin
The Shining One

Shops:
D:4 [   D:8 (   D:9 *


Innate Abilities, Weirdness & Mutations

You are resistant to damage.
You can heal yourself by infusing magical energy.
You passively map the area around you.
You do not regenerate.


Message History

You kill the killer bee!
Makhleb accepts your kill.
f - 14 rations (gained 1)
You are no longer poisoned.
Things that are here:
a mace; a leather armour
Things that are here:
a dagger; a robe; a hand axe
Items here: ( )) [ a whip of venom; 2 tomahawks; a ring mail; a war axe
w - 4 potions of curing {!q} (gained 1)
You now have 407 gold pieces (gained 9).
A yak comes into view.
The yak bellows!
You hear a bellow! x2 2 yaks come into view.
There are monsters nearby!
There are monsters nearby!
A yak comes into view.
The yak bellows! x2
A yak comes into view.
You closely miss the yak. The yak gores you.
You hit the yak but do no damage.
The yak is poisoned.
You hit the yak.
The yak is lightly wounded.
The yak gores you but does no damage.
You are feeling hungry.
You swing at nothing.
You swing at nothing.
Your plate armour prevents you from hitting the yak.
You hit the yak.
The yak is lightly wounded.
The yak gores you.
* * * LOW HITPOINT WARNING * * *
You closely miss the yak.
The yak is lightly wounded.
The yak gores you but does no damage.
Your shield and plate armour prevent you from hitting the yak.
The yak is lightly wounded.
The yak gores you but does no damage.
You slash the yak!
The yak is poisoned.
The yak is moderately wounded.
You slash the yak!
The yak looks as sick as possible!
The yak is severely wounded.
The yak gores you!
* * * LOW HITPOINT WARNING * * *
The yak looks more healthy.
You kill the yak!
Makhleb accepts your kill.
You open the door.
Found a stone staircase leading down.
You barely miss the yak.
The yak is lightly wounded.
Your plate armour prevents you from hitting the yak.
The yak is lightly wounded.
The yak barely misses you.
You slash the yak!
The yak is poisoned.
The yak is moderately wounded.
Your shield and plate armour prevent you from hitting the yak.
The yak is heavily wounded.
The yak gores you!
* * * LOW HITPOINT WARNING * * *
You fail to use your ability.
The yak gores you but does no damage. The yak gores you.
You die...

#.........................
#...................P..##
#..##...................###
#..##...........###........
#..##...÷.÷.....##P.♣♣≈P...
#...............#P..≈≈≈♣...
#...............#...♣≈≈≈...
#........Y.........♣≈≈♣≈P..
#.....Y.YY@......P≈♣≈≈≈≈...
#.....#########...≈≈≈≈.....
#.....'..>... #.#..≈≈♣....#
#....Y#...... #.#P..P.♣P..#
#.....#......,#.##....P...#
#.....#,..... #.....♣P.....
#.....# ..... #...P♣.......
#.....# ###. #............
#.....# #############


You could see 4 yaks.

Vanquished Creatures
  A two-headed ogre (D:7)
  The ghost of dududu the Cleaver, a novice DDFi of Makhleb (D:8)
  A deep elf mage (D:9)
  A komodo dragon (D:9)
  A hornet (D:8)
  Grinder (D:3)
  A troll (D:9)
  A queen bee (D:9)
  A hippogriff (D:9)
  A yak (D:9)
  Duvessa (D:6)
  2 sky beasts
  An ice beast (D:7)
  A black bear (D:6)
  An ogre (D:5)
  2 orc warriors
  2 phantoms
  2 centaurs
  A tengu (D:7)
  A crocodile (D:7)
  2 big kobolds
  A bullfrog (D:8)
  Dowan (D:6)
  2 scorpions
  20 killer bees
  10 howler monkeys
  A crimson imp (D:5)
  2 bullfrog zombies
  3 hounds
  2 orc priests
  2 jellies
  7 orc wizards
  2 bullfrog skeletons
  A centaur skeleton (D:4)
  An iguana (D:6)
  8 worker ants
  3 hound skeletons
  6 adders
  2 oozes (D:3)
  2 adder zombies (D:9)
  An adder skeleton (D:9)
  4 worms
  7 leopard geckos
  37 orcs
  7 giant cockroaches
  8 hobgoblins
  10 jackals
  3 quokkas
  A ball python (D:8)
  5 bats
  3 frilled lizards
  5 goblins
  A jackal skeleton (D:6)
  8 kobolds
  A leopard gecko skeleton (D:8)
  A quokka zombie (D:8)
  2 rats
206 creatures vanquished.

Vanquished Creatures (others)
  A killer bee (D:9)
  An orc wizard (D:6)
  2 plants (D:9)
4 creatures vanquished.

Grand Total: 210 creatures vanquished

Notes
Turn   | Place    | Note
-------+----------+-------------------------------------------
     0 | D:1      | Amnesiac the Deep Dwarf Artificer began the quest for the Orb.
     0 | D:1      | Reached XP level 1. HP: 16/16 MP: 3/3
   266 | D:3      | Reached XP level 2. HP: 6/24 MP: 5/5
   335 | D:3      | Reached skill level 5 in Evocations
   381 | D:3      | Found a bloodstained altar of Trog.
   381 | D:3      | Found an iron altar of Okawaru.
   383 | D:3      | Found a glowing silver altar of Zin.
   498 | D:3      | Reached XP level 3. HP: 11/30 MP: 6/6
   546 | D:4      | Reached skill level 1 in Axes
   682 | D:4      | Found Soeggeim's Armour Shoppe.
   689 | D:4      | Reached skill level 2 in Axes
   689 | D:4      | Reached XP level 4. HP: 13/37 MP: 7/7
   723 | D:4      | Reached skill level 1 in Shields
   868 | D:4      | Found a staircase to the Ecumenical Temple.
   884 | Temple   | Entered the Ecumenical Temple
  1078 | Temple   | Became a worshipper of Makhleb the Destroyer
  2180 | D:2      | Reached XP level 5. HP: 7/43 MP: 8/8
  2747 | D:3      | Noticed Grinder
  2946 | D:3      | Killed Grinder
  2946 | D:3      | Reached skill level 5 in Shields
  2946 | D:3      | Reached XP level 6. HP: 10/50 MP: 9/9
  3429 | D:5      | Entered Level 5 of the Dungeon
  3502 | D:5      | Reached * piety under Makhleb
  3512 | D:5      | Reached skill level 3 in Axes
  3535 | D:5      | Reached XP level 7. HP: 31/56 MP: 9/11
  3542 | D:5      | Reached skill level 4 in Axes
  3677 | D:5      | Reached skill level 5 in Axes
  4037 | D:6      | Reached skill level 6 in Axes
  4037 | D:6      | Reached XP level 8. HP: 47/63 MP: 11/11
  4329 | D:6      | Reached ** piety under Makhleb
  4329 | D:6      | Reached skill level 7 in Axes
  4445 | D:6      | Noticed Dowan
  4446 | D:6      | Noticed Duvessa
  4455 | D:6      | Killed Duvessa
  4459 | D:6      | Killed Dowan
  4526 | D:6      | Found a snail-covered altar of Cheibriados.
  4624 | D:6      | Reached skill level 8 in Axes
  5112 | D:7      | Gained mutation: You passively map the area around you. [Deep Dwarf growth]
  5112 | D:7      | Reached XP level 9. HP: 36/69 MP: 13/13
  5135 | D:7      | Reached skill level 9 in Axes
  5361 | D:7      | Reached skill level 10 in Evocations
  5386 | D:7      | Noticed a two-headed ogre
  5391 | D:7      | Killed a two-headed ogre
  5391 | D:7      | Reached skill level 10 in Axes
  6056 | D:8      | Found Qyl Vuog's Weapon Boutique.
  6090 | D:8      | Reached skill level 11 in Axes
  6098 | D:8      | Reached *** piety under Makhleb
  6396 | D:8      | Noticed dududu's ghost (novice DDFi)
  6453 | D:8      | Reached XP level 10. HP: 15/76 MP: 15/15
  6457 | D:8      | Killed dududu's ghost
  7053 | D:9      | Reached skill level 12 in Axes
  7069 | D:9      | Noticed a deep elf mage
  7079 | D:9      | Killed a deep elf mage
  7099 | D:9      | Got an ancient silver ring
  7106 | D:9      | Identified the ring of Makhleb's Pride {MP+9 Dex+4} (You found it on level 9 of the Dungeon)
  7236 | D:9      | Found Navebeb's Assorted Antiques.
  7244 | D:9      | Bought a scroll labeled TUPLYPIGUTAD for 24 gold pieces
  7244 | D:9      | Bought an amethyst potion for 21 gold pieces
  7244 | D:9      | Bought a glowing cameo amulet for 120 gold pieces
  7328 | D:9      | Found a staircase to the Lair.
  7332 | D:9      | Got a dull robe
  7368 | D:9      | Reached **** piety under Makhleb
  7434 | D:9      | Reached skill level 13 in Axes
  7690 | D:9      | HP: 3/76 [yak (7)]
  7694 | D:9      | Slain by a yak

Vault maps used:
D:1:      doesnt_arrival_eight_statues
D:2:      st_stairs_2
D:3:      grunt_temple_overflow_open, first_ration, kennysheep_pointless_box,
          minmay_misc_feat_plants, uniq_grinder
D:4:      minmay_temple_entry_butterflies, serial_shops, shop,
          grunt_decor_fettered
D:5:      kennysheep_six_static_rooms
D:6:      cheibriados_altar_1, uniq_duvessa
D:8:      serial_shops, shop
D:9:      david_lair_shrubbed, serial_shops, nicolae_shop_crystal,
          david_nohive_1, serial_bayou_pond_a, minmay_radiant
Temple:   dpeg_five_rooms_temple

Skill      XL: |  1  2  3  4  5  6  7  8  9 10 |
---------------+-------------------------------+-----
Evocations     | 5 6 7 9 11 12 | 12.6
Axes           | 2 3 6 8 11 13 | 13.2
Shields        | 2 5 |  5.3
Fighting       | |  0.8
Short Blades   | |  0.8
Dodging        | |  2.1
Stealth        | |  1.2

Action                   |  1- 3 |  4- 6 |  7- 9 | 10-12 || total
-------------------------+-------+-------+-------+-------++-------
Melee: Short sword       |    79 |       |       |       ||    79
       Hand axe          |    22 |   151 |   421 |   179 ||   773
 Abil: Heal Wounds       |     3 |     1 |     5 |     1 ||    10
Evoke: Wand              |     3 |    11 |     8 |     9 ||    31
  Use: Scroll            |     6 |     7 |       |     4 ||    17
       Potion            |       |     3 |       |       ||     3
 Stab: Sleeping          |     1 |     2 |     2 |       ||     5
       Paralysed         |       |     7 |    26 |     8 ||    41
  Eat: Chunk             |       |     9 |     9 |     4 ||    22
Armor: Leather armour    |    27 |    28 |    30 |       ||    85
       Chain mail        |       |       |   105 |    10 ||   115
       Plate armour      |       |       |       |    85 ||    85
Dodge: Dodged            |    60 |    95 |   105 |    16 ||   276
Block: Buckler           |       |    33 |    24 |       ||    57
       Shield            |       |       |   120 |    82 ||   202

Table legend:
 A = Spawn XP
 B = Non-spawn XP
 C = Spawn XP percentage of total XP
 D = Spawn monster count
 E = Non-spawn monster count
 F = Spawn count percentage of total count
 G = Total turns spent on level
                    A         B        C        D         E        F      G
               +---------+---------+-------+---------+---------+-------+---------
         Total |       0 |    9733 |   0.0 |       0 |     207 |   0.0 |  7694
               +---------+---------+-------+---------+---------+-------+---------
           D:1 |       0 |      23 |   0.0 |       0 |      15 |   0.0 |   922
           D:2 |       0 |      43 |   0.0 |       0 |      11 |   0.0 |   647
           D:3 |       0 |     331 |   0.0 |       0 |      17 |   0.0 |   831
           D:4 |       0 |     159 |   0.0 |       0 |      13 |   0.0 |   784
           D:5 |       0 |     794 |   0.0 |       0 |      20 |   0.0 |   658
           D:6 |       0 |     905 |   0.0 |       0 |      28 |   0.0 |   836
           D:7 |       0 |    2054 |   0.0 |       0 |      22 |   0.0 |   955
           D:8 |       0 |    2122 |   0.0 |       0 |      38 |   0.0 |  1147
           D:9 |       0 |    3302 |   0.0 |       0 |      43 |   0.0 |   669
               +---------+---------+-------+---------+---------+-------+---------
